 Dungeon Crawl Stone Soup version 0.19-a0-1068-g99dd0f4 (console) character file.

86475 flowsnake the Peltast (level 16, -2/127 HPs)
             Began as a Formicid Fighter on Aug 4, 2016.
             Was the Champion of Makhleb.
             Killed from afar by an efreet (23 damage)
             ... with a fireball
             ... on level 1 of the Abyss.
             The game lasted 01:41:24 (19763 turns).

flowsnake the Peltast (Formicid Fighter)           Turns: 19763, Time: 01:41:25

Health: -2/127     AC:  0    Str: 25    XL:     16   Next: 34%
Magic:  24/24      EV: 13    Int: 11    God:    Makhleb [******]
Gold:   1619       SH:  3    Dex: 10    Spells: 1 memorised, 16 levels left

rFire  . . .     SeeInvis .     (weapon currently unavailable)
rCold  . . .     Gourm    .     (armour currently unavailable)
rNeg   . . .     Faith    .     (shield currently unavailable)
rPois  .         Spirit   .     (helmet unavailable)
rElec  .         Dismiss  .     (cloak currently unavailable)
rCorr  .         Reflect  +     (gloves currently unavailable)
SustAt .         Harm     .     (boots currently unavailable)
MR     +....                    Q - +3 amulet of reflection
Stlth  +.........               (ring currently unavailable)
                                (ring currently unavailable)

@: pig-form (expiring), very slightly contaminated, drained, very quick
A: permanent stasis, dig shafts and tunnels, four strong arms, (antennae 0)
a: Minor Destruction, Lesser Servant of Makhleb, Major Destruction, Greater
Servant of Makhleb, Renounce Religion


You were on level 1 of the Abyss.
You worshipped Makhleb.
Makhleb was exalted by your worship.
You were very hungry.
You were a filthy swine.
You visited 5 branches of the dungeon, and saw 22 of its levels.
You visited the Abyss 1 time.
You also visited: Ossuary and Ice Cave.

You collected 1772 gold pieces.
You spent 153 gold pieces at shops.

Inventory:

Hand Weapons
 a - a +2 trident of venom
 b - a +0 glaive of freezing (melded)
 S - a +0 halberd
Armour
 g - a +1 plate armour (melded)
 h - a +0 large shield (melded)
 G - a +0 pair of boots (melded)
 R - a +2 cloak (melded)
 T - a +0 pair of gloves (melded)
Jewellery
 t - an uncursed ring of fire
 x - a +6 ring of slaying (melded)
 Q - a +3 amulet of reflection (around neck)
 V - a ring of ice (melded)
Wands
 m - a wand of confusion (10/48)
 o - a wand of paralysis (18/24)
 q - a wand of flame (40/48)
 r - a wand of lightning (8/15)
 s - a wand of iceblast (9/15)
 u - a wand of slowing (41/48)
 C - a wand of enslavement (16/24)
 N - a wand of disintegration (9/24)
 O - a wand of confusion (12/48)
 P - a wand of acid (9/15)
 U - a wand of polymorph (17/24)
Scrolls
 e - 3 scrolls of fear
 k - 2 scrolls of amnesia
 n - 11 scrolls of remove curse
 w - 8 scrolls of enchant armour
 z - 2 scrolls of enchant weapon
 B - 2 scrolls of recharging
 H - 6 scrolls of identify
 J - a scroll of summoning
 L - a scroll of silence
Potions
 d - 3 potions of might
 j - 2 potions of magic
 l - 2 potions of brilliance
 p - a potion of cure mutation
 v - 8 potions of flight
 M - 13 potions of curing
 Y - 2 potions of ambrosia
Comestibles
 c - 2 fruits
 f - 9 bread rations
 i - 3 slices of pizza
 A - 3 beef jerkies
 K - 2 royal jellies
 Z - 3 meat rations


   Skills:
 + Level 11.6(11.1) Fighting
   Level 3.0(2.5) Long Blades
   Level 1.7(1.2) Maces & Flails
 * Level 14.9(14.3) Polearms
 + Level 11.8(11.2) Armour
 - Level 0.3(0.0) Stealth
 + Level 16.9(16.3) Shields
 + Level 1.0(0.5) Spellcasting
 + Level 1.1(0.6) Charms
 * Level 11.9(11.4) Invocations
 - Level 0.2(0.0) Evocations


You had 16 spell levels left.
You knew the following spells:

 Your Spells              Type           Power        Failure   Level  Hunger
a - Infusion              Chrm           #...         30%         1    ##.....


Dungeon Overview and Level Annotations

Branches:
Dungeon (12/15)            Temple (1/1) D:4            Lair (6/6) D:9
 Shoals (1/4) Lair:4        Snake (0/4) Lair:3        Slime (0/5) Lair:6
    Orc (2/2) D:9
    Elf: Orc:2

Altars:
Ashenzari
Cheibriados
Dithmenos
Elyvilon
Fedhas
Gozag
Hepliaklqana
Kikubaaqudgha
Makhleb
Nemelex Xobeh
Okawaru
Pakellas
Qazlal
Ru
Sif Muna
Trog
Uskayaw
Vehumet
Xom
Yredelemnul
Zin
The Shining One

Shops:
D:9 [   Orc:2 }

Annotations:
Lair:3 exclusion: oklob plant
Orc:2 Sonja


Innate Abilities, Weirdness & Mutations

You are under a permanent stasis effect.
You can dig through walls and to a lower floor.
Your four strong arms can wield two-handed weapons with a shield.
((You have a pair of large antennae on your head. (SInv)))


Message History

The fireball explodes!
The fireball engulfs you!
The fireball engulfs the efreet.
The efreet completely resists.
You hit the efreet but do no damage.
The efreet is severely wounded.
The efreet gestures at you.
The fireball explodes!
The fireball engulfs you!
The fireball engulfs the efreet.
The efreet completely resists.
You hit the efreet but do no damage.
The efreet is severely wounded.
The efreet gestures at you.
The fireball explodes!
The fireball engulfs you!
* * * LOW HITPOINT WARNING * * *
The fireball engulfs the efreet.
The efreet completely resists.
Okay, then.
Unknown command.
Unknown command.
Unknown command.
You hit the efreet but do no damage.
The efreet is severely wounded.
The efreet gestures at you.
The fireball explodes!
The fireball engulfs you!
You die...

█ ██· █ ···· █··
·██ ··█ · █·· ··█
█ ██ █ · ·██·····
█ · █ █····█ ·██·
·█ ≈ ≈·
███····███ · · █
·≈tζ≈█ █†█··█†█
··· █ ζ
≈≈ζ█h···█··█ █ ··
█
█·≈≈≈█R··█·███·█·
· █
█··██≈≈█·█··█··█·
· █ ····█≈·█·█ █
·····██
██·█████≈···██
[█·█ ██ ██·█·█·
·· · ··≈·██·ζ █·
█· ♣ ♣ █ █·██ · ·
·


You could see an efreet.

Vanquished Creatures
  A bone dragon (Abyss:1)
  Rupert (Lair:4)
  A frost giant (IceCv)
  A dire elephant (Lair:6)
  Snorg (Lair:3)
  10 hydras
  A merfolk avatar (Lair:6)
  2 catoblepae
  14 death yaks
  An orc high priest (Orc:2)
  A sea snake (Lair:6)
  3 harpies (Lair:6)
  A hill giant (D:9)
  A manticore (Lair:4)
  4 griffons
  3 ugly things
  An orc sorcerer (Orc:1)
  2 cyclopes (D:11)
  A worldbinder (Abyss:1)
  3 centaur zombies (Ossuary)
  7 black mambas
  2 sirens (Lair:4)
  3 elephants
  Joseph (D:7)
  11 spiny frogs
  17 rime drakes
  A kobold demonologist (D:10)
  8 komodo dragons
  A centaur skeleton (D:10)
  An ancient zyme (Abyss:1)
  3 trolls
  17 polar bears
  2 merfolk (Lair:4)
  2 raiju (Abyss:1)
  17 blink frogs
  A large abomination (Abyss:1)
  5 wyverns
  73 yaks
  The ghost of Kenran the Chopper, an amateur DDFi (D:3)
  A human (D:7)
  7 basilisks
  18 hippogriffs
  2 hungry ghosts
  4 wargs (Orc:1)
  16 water moccasins
  12 porcupines
  7 orc warriors
  5 ice beasts
  2 small abominations (Abyss:1)
  2 black bears
  Purgy (D:4)
  5 sky beasts
  An eye of draining (D:10)
  9 ogres
  4 wasps
  27 wolves
  3 centaurs
  13 crocodiles
  12 big kobolds
  A wyvern zombie (D:9)
  23 giant frogs
  A wyvern skeleton (D:11)
  A water moccasin skeleton (D:7)
  7 scorpions
  10 wights
  4 howler monkeys
  7 crimson imps
  5 giant frog zombies
  A quasit (D:10)
  A gnoll shaman (D:8)
  4 hounds
  2 jellies
  6 orc wizards
  A wasp zombie (D:10)
  2 giant frog skeletons (D:11)
  6 orc priests
  13 mummies (Ossuary)
  2 iguanas
  4 hell rats (Lair:4)
  5 worker ants
  11 sheep
  A hound zombie (Ossuary)
  2 worker ant zombies (Ossuary)
  5 gnolls
  15 adders
  A howler monkey skeleton (D:7)
  47 river rats
  A shadow imp (D:6)
  12 white imps (Lair:6)
  An ooze (D:2)
  An adder zombie (Ossuary)
  2 adder skeletons
  2 worms
  5 giant geckos
  31 orcs
  A giant cockroach (D:8)
  5 goblins
  11 hobgoblins
  8 jackals
  3 quokkas
  A ball python skeleton (D:4)
  6 bats
  A giant cockroach zombie (Ossuary)
  2 giant newts
  A jackal skeleton (D:4)
  22 kobolds
  A quokka skeleton (D:4)
  2 quokka zombies (Ossuary)
  9 rats
693 creatures vanquished.

Vanquished Creatures (collateral kills)
  2 yaks (D:9)
  An orc warrior (D:9)
  A scorpion (D:9)
  A wasp zombie (D:9)
  A jelly (D:9)
  4 gnolls (D:8)
  An orc (D:9)
  A kobold (D:9)
12 creatures vanquished.

Vanquished Creatures (others)
  A wolf spider (D:4)
  An orc warrior (Orc:2)
  5 fungi
  25 plants
  2 withered plants (Ossuary)
34 creatures vanquished.

Grand Total: 739 creatures vanquished

Notes
Turn   | Place    | Note
-------+----------+-------------------------------------------
     0 | D:1      | flowsnake the Formicid Fighter began the quest for the Orb.
     0 | D:1      | Reached XP level 1. HP: 18/18 MP: 1/1
   147 | D:1      | Reached XP level 2. HP: 23/24 MP: 2/2
   462 | D:1      | Reached XP level 3. HP: 29/29 MP: 3/3
   586 | D:1      | Reached skill level 4 in Shields
   968 | D:2      | Reached XP level 4. HP: 34/37 MP: 4/4
  1117 | D:2      | Learned a level 1 spell: Infusion
  1491 | D:3      | Found a stormy altar of Qazlal.
  1751 | D:3      | Found an opulent altar of Gozag.
  1752 | D:3      | Found a glowing silver altar of Zin.
  1806 | D:3      | Noticed Kenran's ghost (amateur DDFi)
  1854 | D:3      | Killed Kenran's ghost
  1854 | D:3      | Reached skill level 5 in Shields
  1854 | D:3      | Reached XP level 5. HP: 9/42 MP: 5/5
  1854 | D:3      | Reached XP level 6. HP: 10/48 MP: 6/6
  2137 | D:3      | Found a deep blue altar of Sif Muna.
  2382 | D:4      | Found a white marble altar of Elyvilon.
  2467 | D:4      | Reached skill level 1 in Maces & Flails
  2639 | D:4      | Reached skill level 6 in Shields
  2658 | D:4      | Found a staircase to the Ecumenical Temple.
  2667 | Temple   | Entered the Ecumenical Temple
  2902 | Temple   | Became a worshipper of Makhleb the Destroyer
  2950 | D:4      | Noticed Purgy
  2965 | D:4      | Killed Purgy
  2965 | D:4      | Reached XP level 7. HP: 43/55 MP: 7/7
  3018 | D:4      | Found a sacrificial altar of Ru.
  3067 | D:4      | Reached skill level 5 in Armour
  3092 | D:4      | Found an oddly glowing altar of Pakellas.
  3092 | D:4      | Noticed a wolf spider
  3111 | D:4      | Killed a wolf spider
  3305 | D:5      | Entered Level 5 of the Dungeon
  3328 | D:5      | Reached skill level 5 in Fighting
  3485 | D:5      | Reached skill level 1 in Polearms
  3485 | D:5      | Reached skill level 1 in Spellcasting
  3601 | D:5      | Reached XP level 8. HP: 49/62 MP: 9/9
  3874 | D:6      | Reached skill level 1 in Charms
  3883 | D:6      | Found a shadowy altar of Dithmenos.
  3921 | D:6      | Found a sand-covered staircase.
  3933 | Ossuary  | Entered an ossuary
  3942 | Ossuary  | Reached skill level 7 in Shields
  4000 | Ossuary  | HP: 2/63 [mummy (7)]
  4046 | Ossuary  | Reached * piety under Makhleb
  4073 | Ossuary  | HP: 3/63 [adder zombie (3)]
  4449 | Ossuary  | Reached XP level 9. HP: 69/69 MP: 10/10
  4509 | Ossuary  | Reached skill level 8 in Shields
  4780 | D:6      | Reached skill level 5 in Polearms
  5242 | D:6      | Reached ** piety under Makhleb
  5488 | D:6      | Reached skill level 9 in Shields
  5641 | D:7      | Reached XP level 10. HP: 77/77 MP: 11/11
  5732 | D:7      | Got an ichor-stained chain mail
  5743 | D:7      | Identified the cursed +0 chain mail of Jigsaw {MR+ rCorr} (You found it on level 7 of the Dungeon)
  5775 | D:7      | Reached skill level 1 in Invocations
  5975 | D:7      | Found a hazy altar of Hepliaklqana.
  6166 | D:7      | Noticed Joseph
  6190 | D:7      | HP: 3/79 [Joseph/uncursed quarterstaff of protection (10)]
  6194 | D:7      | Killed Joseph
  6451 | D:8      | Found a glowing golden altar of the Shining One.
  6739 | D:8      | Found a stormy altar of Qazlal.
  7365 | D:8      | Reached skill level 10 in Shields
  7448 | D:8      | Reached *** piety under Makhleb
  7524 | D:9      | Found a staircase to the Lair.
  7771 | D:8      | Reached XP level 11. HP: 69/86 MP: 12/12
  7872 | D:9      | Reached skill level 11 in Shields
  7986 | D:9      | Reached **** piety under Makhleb
  8017 | D:9      | Found a deep blue altar of Sif Muna.
  8072 | D:9      | Noticed a moth of wrath
  8074 | D:9      | Found a bloodstained altar of Trog.
  8446 | D:9      | Noticed a hill giant
  8457 | D:9      | Killed a hill giant
  8548 | D:9      | Found a staircase to the Orcish Mines.
  8591 | D:9      | Found Tuniho Imua's Antique Armour Boutique.
  8600 | D:9      | Bought a glowing cloak for 153 gold pieces
  8732 | D:10     | Entered Level 10 of the Dungeon
  9049 | D:10     | Reached ***** piety under Makhleb
  9109 | D:10     | Reached skill level 5 in Invocations
  9181 | D:10     | Reached XP level 12. HP: 92/94 MP: 15/15
  9318 | D:10     | Reached skill level 12 in Shields
  9418 | D:10     | Reached skill level 10 in Polearms
 10044 | D:11     | Found a shadowy altar of Dithmenos.
 10899 | Lair:1   | Entered Level 1 of the Lair of Beasts
 11475 | Lair:1   | Reached skill level 10 in Armour
 11544 | Lair:1   | Reached XP level 13. HP: 91/102 MP: 18/18
 11913 | Lair:2   | Reached ****** piety under Makhleb
 12243 | Lair:2   | Reached skill level 13 in Shields
 12680 | Lair:3   | Found a staircase to the Snake Pit.
 13122 | Lair:3   | Reached skill level 10 in Fighting
 13498 | Lair:3   | Noticed Snorg
 13516 | Lair:3   | Killed Snorg
 13820 | Lair:4   | Noticed a catoblepas
 13849 | Lair:4   | Killed a catoblepas
 13864 | Lair:4   | HP: 2/104 [hell rat (6)]
 13963 | Lair:4   | Reached XP level 14. HP: 82/111 MP: 20/20
 14176 | Lair:4   | Reached skill level 14 in Shields
 14347 | Lair:4   | Found a staircase to the Shoals.
 14352 | Lair:4   | Noticed Rupert
 14395 | Lair:4   | Killed Rupert
 14997 | Shoals:1 | Entered Level 1 of the Shoals
 15074 | Lair:5   | Reached skill level 10 in Invocations
 16006 | Lair:6   | Entered Level 6 of the Lair of Beasts
 16006 | Lair:6   | Found a frozen archway.
 16044 | Lair:6   | Reached skill level 15 in Shields
 16080 | IceCv    | Entered an ice cave
 16224 | IceCv    | Reached XP level 15. HP: 117/117 MP: 22/22
 16437 | IceCv    | Noticed a frost giant
 16496 | IceCv    | Killed a frost giant
 17738 | Lair:5   | Reached skill level 16 in Shields
 17744 | Lair:5   | HP: 4/119 [five-headed hydra (7)]
 18447 | Lair:6   | Found a staircase to the Slime Pits.
 18694 | Lair:6   | Reached XP level 16. HP: 125/125 MP: 24/24
 19224 | Orc:1    | Entered Level 1 of the Orcish Mines
 19470 | Orc:2    | Entered Level 2 of the Orcish Mines
 19520 | Orc:2    | Found Benirei's Quality Used Wands.
 19566 | Orc:2    | Noticed Sonja
 19590 | Orc:2    | Cast into level 1 of the Abyss (Sonja)
 19590 | Abyss:1  | Found a corrupted altar of Lugonu.
 19680 | Abyss:1  | Noticed a bone dragon
 19710 | Abyss:1  | Killed a bone dragon
 19763 | Abyss:1  | Killed from afar by an efreet

Vault maps used:
D:1:      matt_arrival_los_fun
D:2:      minmay_kobold_bridge
D:3:      grunt_temple_overflow_gold_and_silver, led_sif_pool,
          overflow_temple_1_default, kennysheep_cluttered_room
D:4:      gammafunk_pakellas_its_alive, hangedman_ru_absence, elyvilon_altar_3,
          uniq_purgy
D:5:      first_bread, minmay_holes
D:6:      lemuel_crystal_altar, lightli_ossuary_entry_decrepit_ruins
D:7:      kennysheep_mini_moat, grunt_livestock, uniq_joseph
D:8:      old_standard_altar, nicolae_qazlal_style_of_elements
D:9:      tgw_trog, minmay_lair_entry_grove, orc_0_dummy, basic_altar,
          serial_shops, nicolae_shop_crystal
D:10:     minmay_imperfect_grid, special_room
D:11:     nicolae_dithmenos_through_a_glass_darkly
Temple:   minmay_temple_curvy_loop
Lair:1:   grunt_megastairs_1, lemuel_fruit_fields
Lair:2:   minivault_19, lemuel_fruit_fields, lemuel_fruit_fields
Lair:3:   minmay_snake_entry_six_corridors, uniq_snorg
Lair:4:   elwin_shoals_entry_stream, special_room, st_stairs_4,
          grunt_megastairs_5, uniq_rupert
Lair:5:   nicolae_lair_yak_garden
Lair:6:   gammafunk_lair_ancient_temple, slime_dummy, portal_ice_cave_entry_imps
Shoals:1: uniq_kirke
Orc:1:    uniq_erica
Orc:2:    grunt_orc_tribal_feast, nicolae_for_you_no_charge, uniq_sonja
Abyss:1:  minivault_23, abyss_exit_lava
Ossuary:  ossuary_zaba_flooded
IceCv:    ice_cave_caverns_03

Skill      XL: |  1  2  3  4  5  6  7  8  9 10 11 12 13 14 15 |
---------------+----------------------------------------------+-----
Shields        | 4 5 6 7 9 10 11 12 13 15 16 | 16.9
Fighting       | 4 5 6 7 8 9 10 11 | 11.6
Armour         | 4 5 6 7 8 9 10 11 | 11.8
Long Blades    | 3 |  3.0
Maces & Flails | 1 |  1.7
Polearms       | 1 3 6 7 9 11 12 13 14 | 14.9
Spellcasting   | 1 |  1.0
Charms         | 1 |  1.1
Invocations    | 2 5 6 8 10 11 | 11.9
Stealth        | |  0.3
Evocations     | |  0.2

Action                   |  1- 3 |  4- 6 |  7- 9 | 10-12 | 13-15 | 16-18 || total
-------------------------+-------+-------+-------+-------+-------+-------++-------
Melee: Long sword        |   135 |    54 |       |       |       |       ||   189
       Whip              |       |   158 |    25 |       |       |       ||   183
       Trident           |       |       |   398 |   814 |  1372 |    18 ||  2602
       Halberd           |       |       |       |    18 |       |       ||    18
       Glaive            |       |       |       |    43 |   116 |   195 ||   354
       Unarmed           |       |       |       |       |       |    13 ||    13
Invok: Minor Destruction |       |       |     3 |       |       |       ||     3
       Lesser Servant of |       |       |       |     4 |       |       ||     4
 Abil: Dig               |     1 |       |       |       |     2 |       ||     3
Evoke: Wand              |       |       |     3 |     5 |       |       ||     8
  Use: Scroll            |     2 |     4 |     9 |    14 |     4 |     1 ||    34
       Potion            |       |       |     1 |     1 |     5 |       ||     7
 Stab: Distracted        |       |       |       |     1 |       |       ||     1
  Eat: Chunk             |       |     7 |     5 |    14 |    22 |     3 ||    51
       Bread ration      |       |       |     1 |       |       |       ||     1
       Fruit             |       |       |       |     4 |     3 |       ||     7
       Beef jerky        |       |       |       |     2 |       |       ||     2
       Pizza             |       |       |       |     1 |       |       ||     1
       Meat ration       |       |       |       |     1 |       |       ||     1
Armor: Scale mail        |     3 |       |       |       |       |       ||     3
       Plate armour      |    64 |   125 |   170 |   345 |   706 |    69 ||  1479
Dodge: Dodged            |    24 |    47 |    74 |   164 |   267 |    34 ||   610
Block: Shield            |    78 |   114 |   198 |   514 |       |       ||   904
       Reflection        |       |       |       |    17 |    24 |     4 ||    45
       Large shield      |       |       |       |   151 |  1640 |   232 ||  2023
